 Dungeon Crawl Stone Soup version 0.25-a0-419-g7650d0de75 (webtiles) character file.

Game seed: 7997074497123673730, levelgen mode: deterministic

4571 Flubbersnuff the Cleaver (level 10, -12/90 HPs)
             Began as a Minotaur Berserker on Jan 15, 2020.
             Was an Elder of Trog.
             Mangled by a death yak (19 damage)
             ... on level 8 of the Dungeon on Jan 17, 2020.
             The game lasted 00:26:56 (7396 turns).

Flubbersnuff the Cleaver (Minotaur Berserker)       Turns: 7396, Time: 00:26:57

Health: -12/90     AC: 12    Str: 24    XL:     10   Next: 18%
Magic:  9/9        EV: 11    Int:  4    God:    Trog [****..]
Gold:   118        SH:  0    Dex: 11    Spells: 9/9 levels left

rFire    . . .     SeeInvis .   o - +2 hand axe (venom)
rCold    . . .     Gourm    .   (no shield)
rNeg     . . .     Faith    .   w - +0 chain mail
rPois    .         Spirit   .   (helmet restricted)
rElec    .         Reflect  .   (no cloak)
rCorr    .         Harm     .   (no gloves)
MR       .....                  z - +0 pair of boots
Stlth    ..........             (no amulet)
HPRegen  0.25/turn              (no ring)
MPRegen  0.11/turn              (no ring)

@: berserk cooldown, slowed, very slow
A: retaliatory headbutt, horns 2
a: Berserk, Trog's Hand, Brothers in Arms, Renounce Religion


You were on level 8 of the Dungeon.
You worshipped Trog.
Trog was greatly pleased with you.
You were near starving.

You visited 2 branches of the dungeon, and saw 9 of its levels.

You collected 230 gold pieces.
You spent 112 gold pieces at shops.

Inventory:

Hand Weapons
 o - a +2 hand axe of venom (weapon)
Armour
 f - a +0 ring mail
 w - a +0 chain mail (worn)
 z - a +0 pair of boots (worn)
Jewellery
 g - a cursed ring of attention {unknown}
 k - an uncursed amulet of rage
 x - a +3 ring of dexterity
 y - an uncursed amulet of rage
Wands
 A - a wand of disintegration (15)
 B - a wand of flame (26)
Scrolls
 b - 3 scrolls of enchant armour {unknown}
 e - 5 scrolls of teleportation
 l - 2 scrolls of enchant weapon
 p - 2 scrolls of remove curse
Potions
 d - 2 potions of agility
 h - a potion of ambrosia
 i - 3 potions of heal wounds
 j - 2 potions of brilliance
 m - 3 potions of might
 n - 2 potions of resistance
 q - a potion of lignification
 r - a potion of invisibility {unknown}
 s - 2 potions of haste
 t - a potion of magic {unknown}
 u - 2 potions of curing
 v - a potion of cancellation {unknown}
Comestibles
 c - 13 rations


   Skills:
 + Level 8.9 Fighting
 * Level 11.6 Axes
 + Level 8.3 Armour
 + Level 7.6 Dodging


You had 9 spell levels left.
You didn't know any spells.
Your spell library was empty.

Dungeon Overview and Level Annotations

Branches:
Dungeon (8/15)             Temple (1/1) D:7            Lair (0/6) D:8

Altars:
Ashenzari
Cheibriados
Dithmenos
Elyvilon
Fedhas
Gozag
Hepliaklqana
Kikubaaqudgha
Makhleb
Qazlal
Ru
Sif Muna
Trog
Vehumet
Yredelemnul
Zin
The Shining One

Shops:
D:6 *%*?   D:7 !


Innate Abilities, Weirdness & Mutations

You reflexively headbutt those who attack you in melee.
You have a pair of horns on your head.


Message History

* * * LOW HITPOINT WARNING * * *
An orc wizard comes into view. It is wielding a +0 dagger.
The orc wizard casts a spell.
The orc wizard flickers and vanishes!
Deactivating autopickup; reactivate with Ctrl-A.
You feel a strong urge to attack something.
You are no longer berserk.
You are exhausted.
You feel yourself slow down.
There is a stone staircase leading up here.
Found 16 gold pieces.
You can't go down here!
You slash the death yak! You headbutt the death yak!
You kill the death yak!
Trog accepts your kill.
The death yak gores you but does no damage.
There is a stone staircase leading up, spattered with blood here.
You can't go down here!
The death yak gores you!!
You die...

# #.
#####.#########
...............
#####.#@##.####
$. #Y# ## #a#
#†# #Y# ..Y
..... #......
.....#.o


You could see 3 death yaks and a worker ant.

Vanquished Creatures
  2 death yaks (D:8)
  Joseph (D:7)
  A yak (D:7)
  3 hogs (D:7)
  A human (D:7)
  Menkaure (D:6)
  2 orc warriors (D:7)
  2 ice beasts
  A sky beast (D:5)
  2 black bears
  An ogre (D:7)
  2 centaurs
  3 bullfrogs (D:7)
  4 wights (D:7)
  2 crimson imps
  A bullfrog zombie (D:8)
  7 hounds
  7 orc priests
  6 orc wizards
  2 iguanas
  3 worker ants
  A hound zombie (D:6)
  6 adders
  A shadow imp (D:5)
  3 oozes
  An adder skeleton (D:4)
  An adder zombie (D:5)
  A worm (D:3)
  2 dart slugs
  4 leopard geckos
  19 orcs
  2 ball pythons (D:4)
  7 bats
  8 giant cockroaches
  7 goblins
  6 hobgoblins
  5 jackals
  8 kobolds
  A quokka (D:4)
  4 frilled lizards
  A jackal skeleton (D:4)
  A quokka skeleton (D:5)
  6 rats
149 creatures vanquished.

Notes
Turn   | Place    | Note
-------+----------+-------------------------------------------
     0 | D:1      | Flubbersnuff the Minotaur Berserker began the quest for the
                  | Orb.
     0 | D:1      | Reached XP level 1. HP: 19/19 MP: 0/0
   343 | D:1      | Reached XP level 2. HP: 27/27 MP: 1/1
   708 | D:1      | Reached skill level 4 in Axes
   923 | D:2      | Reached XP level 3. HP: 20/33 MP: 2/2
  1248 | D:2      | Reached ** piety under Trog
  1758 | D:3      | Reached XP level 4. HP: 35/41 MP: 3/3
  2335 | D:3      | Reached skill level 5 in Axes
  2655 | D:4      | Reached XP level 5. HP: 47/47 MP: 4/4
  2700 | D:4      | Reached skill level 5 in Fighting
  2712 | D:4      | Reached XP level 6. HP: 26/56 MP: 5/5
  2913 | D:4      | Reached *** piety under Trog
  2914 | D:4      | Reached skill level 6 in Axes
  3433 | D:5      | Entered Level 5 of the Dungeon
  4160 | D:5      | Noticed an ice beast
  4175 | D:5      | Killed an ice beast
  4175 | D:5      | Reached XP level 7. HP: 46/61 MP: 6/6
  4460 | D:5      | Reached skill level 7 in Axes
  4511 | D:6      | Noticed Menkaure
  4526 | D:6      | Killed Menkaure
  4526 | D:6      | Reached skill level 5 in Armour
  4644 | D:6      | Found Kynawkae's General Store.
  4644 | D:6      | Found Pew Buip's Assorted Antiques.
  4662 | D:6      | Found Wibiaduz's Magic Scroll Boutique.
  4662 | D:6      | Found Haihugex's Food Boutique.
  4822 | D:6      | Bought a scroll of enchant weapon for 112 gold pieces
  4956 | D:6      | Reached XP level 8. HP: 70/70 MP: 7/7
  5330 | D:6      | Reached skill level 8 in Axes
  5342 | D:6      | Reached skill level 5 in Dodging
  5439 | D:7      | Reached skill level 9 in Axes
  5444 | D:7      | Reached **** piety under Trog
  5789 | D:7      | Reached XP level 9. HP: 53/79 MP: 8/8
  6072 | D:7      | Found Nuffeuxu's Distillery.
  6217 | D:7      | Upgraded the game from 0.25-a0-413-g3b4b6a4ccc to
                  | 0.25-a0-419-g7650d0de75
  6320 | D:7      | Reached skill level 10 in Axes
  6480 | D:7      | Found a staircase to the Ecumenical Temple.
  6549 | D:7      | Noticed Joseph
  6570 | D:7      | Killed Joseph
  7189 | Temple   | Entered the Ecumenical Temple
  7364 | D:8      | Noticed a death yak
  7368 | D:8      | Noticed a death yak
  7369 | D:8      | Noticed a death yak
  7379 | D:8      | Noticed a death yak
  7382 | D:8      | Killed a death yak
  7382 | D:8      | Reached skill level 11 in Axes
  7382 | D:8      | Reached XP level 10. HP: 53/90 MP: 9/9
  7383 | D:8      | Found a staircase to the Lair.
  7383 | D:8      | Noticed a death yak
  7388 | D:8      | Noticed a death yak
  7394 | D:8      | Killed a death yak
  7396 | D:8      | Mangled by a death yak

Levels and vault maps discovered:
D:1:      mrwooster_arrival_statue, layout_basic, serial_forest,
          infiniplex_forest_split, infiniplex_forest_lined_room_3,
          infiniplex_forest_3_way, infiniplex_forest_clump_tiny,
          infiniplex_forest_lined_3, infiniplex_forest_lined_ring,
          infiniplex_forest_lined_4_way
D:2:      layout_rooms, minmay_3d_cube
D:3:      layout_rooms, first_ration
D:4:      layout_rooms, st_stairs_3
D:5:      layout_gridville, minmay_fractal_squares_gapless_5
D:6:      layout_gridville, minmay_shop_grid_forest, uniq_menkaure
D:7:      layout_cave_pods, temple_fountains, serial_shops,
          kennysheep_little_box, grunt_livestock, minmay_misc_feat_rows,
          uniq_joseph
D:8:      layout_basic, grunt_temple_overflow_open, dpeg_lair_monsters,
          nicolae_ossuary_entry_plus, uniq_psyche
Temple:   minmay_crystal_spiral_temple

Skill      XL: |  1  2  3  4  5  6  7  8  9 |
---------------+----------------------------+-----
Fighting       | 4 5 6 7 8 |  8.9
Axes           | 4 5 6 7 9 11 | 11.6
Armour         | 3 4 5 6 8 |  8.3
Dodging        | 3 4 6 7 |  7.6

Action                   |  1- 3 |  4- 6 |  7- 9 | 10-12 || total
-------------------------+-------+-------+-------+-------++-------
Melee: Hand axe          |    70 |   138 |   221 |     7 ||   436
       Headbutt          |     9 |    22 |    49 |     1 ||    81
Invok: Berserk           |     1 |       |     4 |       ||     5
  Use: Scroll            |       |    11 |     5 |       ||    16
       Potion            |       |       |     1 |       ||     1
  Eat: Chunk             |     3 |     8 |     9 |       ||    20
       Ration            |       |       |     1 |       ||     1
Armor: Animal skin       |     3 |       |       |       ||     3
       Ring mail         |    23 |     5 |       |       ||    28
       Chain mail        |       |    46 |    97 |     1 ||   144
       Skin              |       |       |    10 |       ||    10
Dodge: Dodged            |    51 |    75 |    97 |     1 ||   224

Table legend:
 A = Non-vault XP
 B = Vault XP
 C = Vault XP percentage of total XP
 D = Non-vault monster count
 E = Vault monster count
 F = Vault count percentage of total count
                 A         B        C        D         E       F
            +---------+---------+-------+---------+---------+-------
      Total |    3072 |    3459 |  53.0 |     130 |      19 |  12.8
            +---------+---------+-------+---------+---------+-------
        D:1 |      19 |       0 |   0.0 |      10 |       0 |   0.0
        D:2 |      64 |       6 |   8.6 |      18 |       4 |  18.2
        D:3 |      92 |       0 |   0.0 |      25 |       0 |   0.0
        D:4 |     320 |      38 |  10.6 |      21 |       3 |  12.5
        D:5 |     334 |      62 |  15.7 |       8 |       3 |  27.3
        D:6 |     442 |     172 |  28.0 |      12 |       1 |   7.7
        D:7 |    1752 |    1444 |  45.2 |      35 |       6 |  14.6
        D:8 |      49 |    1737 |  97.3 |       1 |       2 |  66.7
            +---------+---------+-------+---------+---------+-------
